 Dungeon Crawl Stone Soup version 0.23.2-1-ga50397a (webtiles) character file.

Game seed: 14700387650552479074

1113 Madoushi the Cleaver (level 8, -2/70 HPs)
             Began as a Minotaur Berserker on Apr 15, 2019.
             Was an Elder of Trog.
             Slain by an orc warrior
             ... wielding a +0 trident
              (18 damage)
             ... on level 6 of the Dungeon.
             The game lasted 00:16:02 (5742 turns).

Madoushi the Cleaver (Minotaur Berserker)           Turns: 5742, Time: 00:16:03

Health: -2/70      AC:  2    Str: 23    XL:     8   Next: 12%
Magic:  7/7        EV: 12    Int:  4    God:    Trog [****..]
Gold:   271        SH: 10    Dex: 11    Spells: 7/7 levels left

rFire    . . .     SeeInvis .   j - +0 war axe
rCold    . . .     Gourm    .   k - +0 shield
rNeg     . . .     Faith    .   b - +0 animal skin
rPois    .         Spirit   .   (helmet restricted)
rElec    .         Reflect  .   (no cloak)
rCorr    .         Harm     .   (no gloves)
MR       ++...                  (no boots)
Stlth    ++........             (no amulet)
HPRegen  1.21/turn              (no ring)
MPRegen  0.10/turn              (no ring)

@: regenerating
A: retaliatory headbutt, horns 2
a: Berserk, Trog's Hand, Brothers in Arms, Renounce Religion


You were on level 6 of the Dungeon.
You worshipped Trog.
Trog was greatly pleased with you.
You were not hungry.

You visited 1 branch of the dungeon, and saw 6 of its levels.

You collected 346 gold pieces.
You spent 75 gold pieces at shops.

Inventory:

Hand Weapons
 a - a +1 hand axe
 j - a +0 war axe (weapon)
 s - a -1 mace
Missiles
 g - 6 javelins of returning (quivered)
Armour
 b - a +0 animal skin (worn)
 k - a +0 shield (worn)
 v - a +0 chain mail
Jewellery
 n - an uncursed ring of wizardry
Wands
 y - a wand of paralysis (7)
Scrolls
 d - 4 scrolls of amnesia
 f - 4 scrolls of teleportation
 h - 3 scrolls of identify
 l - a scroll of remove curse
 q - a scroll of enchant weapon
 w - a scroll of magic mapping
 x - 2 scrolls of enchant armour {unknown}
 B - a scroll of fog {unknown}
Potions
 e - a potion of lignification {unknown}
 i - 4 potions of heal wounds
 m - a potion of invisibility {unknown}
 o - a potion of magic
 p - 3 potions of agility
 r - 2 potions of curing {unknown}
 t - a potion of flight {unknown}
 u - a potion of brilliance {unknown}
 z - a potion of ambrosia {unknown}
 A - a potion of haste
Comestibles
 c - 8 rations


   Skills:
 + Level 6.1 Fighting
 + Level 8.1(8.2) Axes
 + Level 1.8(5.4) Maces & Flails
 + Level 2.5 Armour
 + Level 5.0 Dodging
 + Level 1.2 Stealth
 + Level 4.1 Shields


You had 7 spell levels left.
You didn't know any spells.
Your spell library was empty.

Dungeon Overview and Level Annotations

Branches:
Dungeon (6/15)             Temple (0/1) D:4

Altars:
Ru

Shops:
D:5 %[!?!   D:6 (


Innate Abilities, Weirdness & Mutations

You reflexively headbutt those who attack you in melee.
You have a pair of horns on your head.


Message History

A gnoll comes into view. It is wielding a -2 spear.
The orc warrior hits you from afar with a +0 trident!
The orc warrior hits you from afar with a +0 trident!!
The orc warrior closely misses you.
You see here a tomahawk.
The orc warrior hits you with a +0 trident!!
* * * LOW HITPOINT WARNING * * *
You hit the orc warrior but do no damage.
A gnoll comes into view. It is wielding a +0 spear.
The orc warrior hits you with a +0 trident.
* * * LOW HITPOINT WARNING * * *
Your skin crawls.
You feel resistant to hostile enchantments.
You feel somewhat more hungry.
A gnoll comes into view. It is wielding a +0 spear.
The gnoll shouts! x2
You hit the orc warrior. Your headbutt misses the orc warrior.
The orc warrior is lightly wounded.
The orc warrior hits you with a +0 trident!!
You die...

#######.........)........
#########.#......#.
.........#.####.##
.############.####..!
...................s.
.....................
.....................
.∩..8....(...).......
.......).@...........
.........o...........
.....................
.........g...........
.....................
.....................
..............g......
............g..


You could see an orc warrior and 3 gnolls.

Vanquished Creatures
  A sky beast (D:6)
  3 ogres
  A bullfrog (D:5)
  2 scorpions (D:4)
  A howler monkey (D:5)
  A crimson imp (D:5)
  A bullfrog zombie (D:5)
  A jelly (D:5)
  3 hounds
  4 orc wizards
  A centaur skeleton (D:6)
  An iguana (D:5)
  2 hound skeletons (D:4)
  3 gnolls (D:6)
  A howler monkey skeleton (D:6)
  3 adders
  3 shadow imps
  2 worms
  3 dart slugs
  4 leopard geckos
  10 orcs
  3 bats
  2 giant cockroaches
  6 hobgoblins
  8 jackals
  4 quokkas
  A ball python (D:4)
  5 frilled lizards
  5 goblins
  10 kobolds
  24 rats
119 creatures vanquished.

Notes
Turn   | Place    | Note
-------+----------+-------------------------------------------
     0 | D:1      | Madoushi the Minotaur Berserker began the quest for the
                  | Orb.
     0 | D:1      | Reached XP level 1. HP: 19/19 MP: 0/0
    37 | D:1      | Reached XP level 2. HP: 8/27 MP: 1/1
   289 | D:1      | Reached skill level 4 in Axes
   959 | D:1      | Reached XP level 3. HP: 33/33 MP: 2/2
  1115 | D:1      | Reached ** piety under Trog
  2099 | D:2      | Reached skill level 5 in Axes
  2362 | D:3      | Reached XP level 4. HP: 40/40 MP: 3/3
  2442 | D:3      | Reached *** piety under Trog
  2442 | D:3      | Reached skill level 1 in Shields
  2969 | D:4      | Found a sacrificial altar of Ru.
  2997 | D:4      | Reached XP level 5. HP: 34/47 MP: 4/4
  3207 | D:4      | Reached skill level 1 in Maces & Flails
  3504 | D:4      | Found a staircase to the Ecumenical Temple.
  4032 | D:5      | Entered Level 5 of the Dungeon
  4032 | D:5      | Found Wuseluergh's Magic Scroll Boutique.
  4040 | D:4      | Reached skill level 6 in Axes
  4040 | D:4      | Reached XP level 6. HP: 46/53 MP: 5/5
  4220 | D:5      | Found Jibeussigyo's Distillery.
  4275 | D:5      | Found Zatah's Distillery.
  4279 | D:5      | Bought a potion of heal wounds for 75 gold pieces
  4414 | D:5      | Reached skill level 5 in Fighting
  4618 | D:5      | Found Ubuloupo's Armour Shoppe.
  4779 | D:5      | Found Mephit's Food Emporium.
  4796 | D:5      | Reached skill level 1 in Stealth
  4796 | D:5      | Reached XP level 7. HP: 38/61 MP: 6/6
  4918 | D:6      | Reached skill level 7 in Axes
  5348 | D:6      | HP: 2/61 [gnoll (6)]
  5705 | D:6      | Reached XP level 8. HP: 68/70 MP: 7/7
  5715 | D:6      | Reached **** piety under Trog
  5730 | D:6      | Found Zueziph's Antique Weapon Boutique.
  5736 | D:6      | Reached skill level 8 in Axes
  5736 | D:6      | Reached skill level 5 in Dodging
  5742 | D:6      | Slain by an orc warrior

Skill      XL: |  1  2  3  4  5  6  7  8 |
---------------+-------------------------+-----
Fighting       | 4 5 6 |  6.1
Axes           | 4 5 6 7 8 |  8.1
Shields        | 1 2 3 4 |  4.1
Dodging        | 3 4 5 |  5.0
Maces & Flails | 1 |  1.8
Stealth        | 1 |  1.2
Armour         | |  2.5

Action                   |  1- 3 |  4- 6 |  7- 9 || total
-------------------------+-------+-------+-------++-------
Melee: Hand axe          |   128 |    33 |       ||   161
       Headbutt          |    19 |    27 |     7 ||    53
       Mace              |       |    21 |       ||    21
       War axe           |       |    82 |    55 ||   137
Invok: Trog's Hand       |       |     1 |     1 ||     2
       Berserk           |       |       |     1 ||     1
  Use: Scroll            |       |    11 |       ||    11
       Potion            |       |       |     1 ||     1
  Eat: Chunk             |     5 |     7 |     5 ||    17
Armor: Animal skin       |    11 |    14 |     4 ||    29
Dodge: Dodged            |    49 |    54 |    30 ||   133
Block: Shield            |    29 |    70 |    20 ||   119
